 Dungeon Crawl Stone Soup version 0.19.0-2-gae57169 (webtiles) character file.

1456 dvd the Stinger (level 8, -3/51 HPs)
             Began as an Octopode Venom Mage on Nov 6, 2016.
             Was a Follower of Vehumet.
             Slain by a gnoll
             ... wielding a +0 club
              (6 damage)
             ... on level 6 of the Dungeon.
             The game lasted 00:22:24 (6439 turns).

dvd the Stinger (Octopode Venom Mage)               Turns: 6439, Time: 00:22:26

Health: -3/51      AC:  1    Str:  7    XL:     8   Next: 76%
Magic:  2/15       EV:  7    Int: 20    God:    Vehumet [*.....]
Gold:   185        SH:  0    Dex: 12    Spells: 3 memorised, 8 levels left

rFire  . . .     SeeInvis .     a - +9 quarterstaff (chaos)
rCold  . . .     Gourm    .     (shield currently unavailable)
rNeg   . . .     Faith    .     (helmet restricted)
rPois  .         Spirit   .     (no amulet)
rElec  .         Reflect  .     (no ring)
rCorr  .         Harm     .     (no ring)
MR     .....                    (no ring)
Stlth  ++++......               (no ring)
                                (no ring)
                                (no ring)
                                (no ring)
                                (no ring)

@: about to teleport, very slightly contaminated, held, hasted, very quick
A: almost no armour, stealthy swim, amphibious, 8 rings, constrict 8, camouflage
1, gelatinous body 1
a: Renounce Religion


You were on level 6 of the Dungeon.
You worshipped Vehumet.
Vehumet was aware of your devotion.
You were not hungry.

You visited 2 branches of the dungeon, and saw 7 of its levels.

You collected 185 gold pieces.

Inventory:

Hand Weapons
 a - a +9 quarterstaff of chaos (weapon)
 o - a +0 whip of freezing
 w - a +1 dagger of speed
 x - a +5 short sword of speed
Armour
 r - a +1 shield
Wands
 u - a wand of lightning (9/15)
Scrolls
 c - a scroll of magic mapping
 i - 2 scrolls of teleportation
 j - 6 scrolls of identify
 k - 4 scrolls of remove curse
 y - a scroll of enchant weapon
Potions
 d - a potion of magic {unknown}
 e - a potion of haste
 f - a potion of cancellation {unknown}
 g - a potion of brilliance {unknown}
 h - a potion of curing
 m - a potion of resistance {unknown}
 n - a potion of ambrosia {unknown}
 q - a potion of invisibility {unknown}
 s - a potion of might {unknown}
 v - a potion of lignification {unknown}
 z - a potion of degeneration {unknown}
Books
 t - a Young Poisoner's Handbook

   Spells                             Type                      Level
   a - Sting                          Conjuration/Poison           1
   b - Mephitic Cloud                 Conjuration/Poison/Air       3
   c - Olgreb's Toxic Radiance        Poison                       4
   d - Alistair's Intoxication        Transmutation/Poison         5
   e - Venom Bolt                     Conjuration/Poison           5
Comestibles
 b - 3 bread rations
 l - 2 beef jerkies
 p - a fruit
 A - 2 chunks of flesh


   Skills:
 + Level 2.3 Fighting
 + Level 1.4 Short Blades
 + Level 3.9 Staves
 + Level 2.5 Dodging
 + Level 6.3 Stealth
 + Level 4.8 Spellcasting
 + Level 3.4 Conjurations
 + Level 1.1 Air Magic
 + Level 7.6 Poison Magic


You had 8 spell levels left.
You knew the following spells:

 Your Spells              Type           Power        Failure   Level  Hunger
a - Sting                 Conj/Pois      ####         1%          1    None
b - Mephitic Cloud        Conj/Pois/Air  ###.....     10%         3    ##.....
c - Olgreb's Toxic Radia  Pois           #####...     8%          4    ####...


Dungeon Overview and Level Annotations

Branches:
Dungeon (6/15)             Temple (1/1) D:4

Altars:
Ashenzari
Cheibriados
Dithmenos
Gozag
Hepliaklqana
Makhleb
Nemelex Xobeh
Qazlal
Ru
Sif Muna
Trog
Uskayaw
Vehumet
Yredelemnul
Zin
The Shining One

Annotations:
D:4 feelmyfire's ghost, amateur MiFi
D:5 Abababa's ghost, novice GrFi


Innate Abilities, Weirdness & Mutations

You cannot wear most types of armour.
You are very stealthy in the water. (Stealth+)
You are amphibious.
You can wear up to eight rings at the same time.
You can use your tentacles to constrict eight enemies at once.
Your skin changes colour to match your surroundings (Stealth+).
Your rubbery body absorbs attacks. (AC +1, EV +1)


Message History

As you read the scroll of teleportation, it crumbles to dust.
You feel strangely unstable.
You feel sick.
The gnoll hits you from afar with a spear!
* * * LOW HITPOINT WARNING * * *
The gnoll hits you but does no damage. The worker ant bites you.
* * * LOW HITPOINT WARNING * * *
Unknown command.
It was a potion of haste.
You feel yourself speed up.
The gnoll looks more healthy.
The gnoll hits you from afar with a spear.
* * * LOW HITPOINT WARNING * * *
The worker ant closely misses you. The gnoll hits you with a club.
* * * LOW HITPOINT WARNING * * *
It was a potion of curing.
You feel better.
The gnoll hits you from afar with a spear!
* * * LOW HITPOINT WARNING * * *
The worker ant bites you.
* * * LOW HITPOINT WARNING * * *
The gnoll hits you with a club.
You die...

## #..# ###..
..####..##.....
.............. ####..
#†....s..... .....#
#......#... .....#
#..)).g.# ##...#
##)..ag..# # ..#
##.....@..## .#
##..........#### .
#.....#..........
#.......#...##........
#.......#
#...##....#### ... ..#
##........# .# #.##
#.....#..# ## ##..#
#...###..# ###...##
#..## ...#


You could see a worker ant, 2 gnolls and a giant cockroach.

Vanquished Creatures
  Pikel (D:4)
  Menkaure (D:6)
  Duvessa (D:5)
  An ogre (D:6)
  A gnoll sergeant (D:6)
  Dowan (D:5)
  2 howler monkeys (D:4)
  A centaur zombie (D:5)
  A hound (D:6)
  An orc priest (D:4)
  Crazy Yiuf (D:2)
  2 bullfrog skeletons (D:5)
  Jessica (D:2)
  Natasha (D:1)
  Terence (D:2)
  A worker ant (D:4)
  10 gnolls
  2 adders
  2 oozes
  An adder zombie (D:5)
  3 worms
  6 leopard geckos
  6 orcs
  3 ball pythons
  11 bats
  4 giant cockroaches
  9 goblins
  9 hobgoblins
  4 jackals (D:2)
  2 quokkas (D:4)
  5 frilled lizards
  A jackal zombie (D:5)
  7 kobolds
  A leopard gecko skeleton (D:5)
  6 rats
110 creatures vanquished.

Vanquished Creatures (others)
  An orc priest (D:4)
  An orc (D:4)
  A jackal skeleton (D:4)
3 creatures vanquished.

Grand Total: 113 creatures vanquished

Notes
Turn   | Place    | Note
-------+----------+-------------------------------------------
     0 | D:1      | dvd the Octopode Venom Mage began the quest for the Orb.
     0 | D:1      | Reached XP level 1. HP: 11/11 MP: 3/3
    44 | D:1      | Reached skill level 5 in Poison Magic
   171 | D:1      | Reached XP level 2. HP: 17/17 MP: 3/5
   445 | D:1      | Reached XP level 3. HP: 21/21 MP: 2/6
   450 | D:1      | Learned a level 3 spell: Mephitic Cloud
   731 | D:2      | Noticed Terence
   731 | D:2      | Noticed Natasha
   738 | D:1      | Killed Natasha
   738 | D:1      | Reached skill level 1 in Conjurations
   869 | D:2      | Reached XP level 4. HP: 26/27 MP: 1/7
   876 | D:2      | Killed Terence
  1201 | D:2      | Found a burning altar of Makhleb.
  1202 | D:2      | Noticed a balrug
  1246 | D:2      | Reached skill level 1 in Short Blades
  1307 | D:2      | Found a glowing silver altar of Zin.
  1309 | D:2      | Noticed an angel
  1350 | D:2      | Reached XP level 5. HP: 32/32 MP: 0/8
  1627 | D:2      | Learned a level 4 spell: Olgreb's Toxic Radiance
  1725 | D:2      | You fall through a shaft!
  1881 | D:2      | Found a runed door.
  1885 | D:2      | Noticed Crazy Yiuf
  1898 | D:2      | Killed Crazy Yiuf
  1898 | D:2      | Reached skill level 1 in Fighting
  1979 | D:2      | Noticed Jessica
  1984 | D:2      | Killed Jessica
  2460 | D:3      | Found a stormy altar of Qazlal.
  2645 | D:3      | Reached XP level 6. HP: 38/38 MP: 10/10
  3106 | D:4      | Noticed a slave
  3118 | D:4      | Noticed feelmyfire's ghost (amateur MiFi)
  3202 | D:4      | Noticed Pikel
  3204 | D:4      | Noticed a slave
  3205 | D:4      | Noticed a slave
  3206 | D:4      | Noticed a slave
  3244 | D:4      | Killed Pikel
  3244 | D:4      | Reached skill level 5 in Stealth
  3244 | D:4      | Reached skill level 6 in Poison Magic
  3244 | D:4      | Reached XP level 7. HP: 12/43 MP: 0/12
  3599 | D:4      | Found a staircase to the Ecumenical Temple.
  3608 | Temple   | Entered the Ecumenical Temple
  3901 | Temple   | Became a worshipper of Vehumet
  4040 | D:4      | Reached XP level 8. HP: 40/48 MP: 14/14
  4504 | D:5      | Entered Level 5 of the Dungeon
  4505 | D:5      | Noticed Abababa's ghost (novice GrFi)
  4597 | D:5      | Noticed Duvessa
  4599 | D:5      | Noticed Dowan
  4610 | D:5      | Killed Duvessa
  4610 | D:5      | Reached skill level 7 in Poison Magic
  4627 | D:5      | Found a snail-covered altar of Cheibriados.
  4899 | D:5      | Killed Dowan
  5431 | D:5      | Reached skill level 1 in Air Magic
  5786 | D:6      | Found a hide-covered altar of Uskayaw.
  5816 | D:6      | Noticed Menkaure
  5821 | D:6      | Killed Menkaure
  6433 | D:6      | Reached * piety under Vehumet
  6433 | D:6      | Offered knowledge of Magic Dart by Vehumet.
  6439 | D:6      | Slain by a gnoll

Skill      XL: |  1  2  3  4  5  6  7  8 |
---------------+-------------------------+-----
Poison Magic   | 5 6 7 |  7.6
Stealth        | 3 4 5 6 |  6.3
Conjurations   | 1 2 3 |  3.4
Short Blades   | 1 |  1.4
Fighting       | 1 2 |  2.3
Spellcasting   | 3 4 |  4.8
Staves         | 2 3 |  3.9
Air Magic      | 1 |  1.1
Dodging        | |  2.5

Action                   |  1- 3 |  4- 6 |  7- 9 || total
-------------------------+-------+-------+-------++-------
Melee: Unarmed           |     4 |       |       ||     4
       Constrict         |     5 |    20 |     8 ||    33
       Dagger            |    18 |    41 |       ||    59
       Tentacles         |     2 |    13 |     2 ||    17
       Quarterstaff      |       |    33 |    59 ||    92
 Cast: Sting             |    42 |    61 |    11 ||   114
       Mephitic Cloud    |     1 |     9 |     6 ||    16
       Olgreb's Toxic Ra |       |     2 |     7 ||     9
  Use: Scroll            |       |     8 |     9 ||    17
       Potion            |       |       |     2 ||     2
 Stab: Sleeping          |     1 |     4 |     6 ||    11
       Confused          |     1 |     4 |     2 ||     7
  Eat: Chunk             |       |     8 |    13 ||    21
Armor: Skin              |     2 |     5 |     4 ||    11
Dodge: Dodged            |    17 |    57 |    30 ||   104
